 Dungeon Crawl Stone Soup version 0.27.1-1-g398f81649c (webtiles) character file.

Game seed: 5625282912349712409

70 MisterFreud the Shield-Bearer (level 4, -14/41 HPs)
             Began as a Gnoll Fighter on Sept 8, 2021.
             Was a Follower of Kikubaaqudgha.
             Demolished by an ogre (28 damage)
             ... on level 3 of the Dungeon.
             The game lasted 00:01:42 (1729 turns).

MisterFreud the Shield-Bearer (Gnoll Fighter)       Turns: 1729, Time: 00:01:43

Health: -14/41     AC:  7    Str: 15    XL:     4   Next: 21%
Magic:  5/5        EV:  8    Int:  8    God:    Kikubaaqudgha [*.....]
Gold:   40         SH: 10    Dex: 12    Spells: 5/5 levels left

rFire    . . .     SeeInvis .   f - +1 dagger (venom)
rCold    . . .     Faith    .   c - +0 kite shield
rNeg     . . .     Spirit   .   b - +0 scale mail
rPois    .         Reflect  .   (no helmet)
rElec    .         Harm     .   (no cloak)
rCorr    .         Rampage  .   (no gloves)
Will     .....                  (no boots)
Stlth    ..........             (no amulet)
HPRegen  0.13/turn              (no ring)
MPRegen  0.09/turn              (no ring)

@: no status effects
A: fangs 1, strong nose, distributed training
a: Renounce Religion, Receive Corpses


You were on level 3 of the Dungeon.
You worshipped Kikubaaqudgha.
Kikubaaqudgha was aware of your devotion.
You visited 1 branch of the dungeon, and saw 3 of its levels.

You collected 40 gold pieces.

Inventory:

Hand Weapons
 a - a +0 rapier
 f - a +1 dagger of venom (weapon)
Missiles
 e - 4 boomerangs (quivered)
 i - 16 poisoned darts
 j - a throwing net
Armour
 b - a +0 scale mail (worn)
 c - a +0 kite shield (worn)
Scrolls
 h - a scroll of amnesia {unknown}
 l - 2 scrolls of teleportation {unknown}
 n - a scroll of identify {unknown}
 o - a scroll of enchant weapon {unknown}
Potions
 d - a potion of might
 g - a potion of flight {unknown}
 k - 2 potions of heal wounds {unknown}
 m - a potion of lignification {unknown}
 p - 3 potions of curing {unknown}


   Skills:
 + Level 6.6 Fighting
 + Level 4.6 Short Blades
 + Level 1.0 Long Blades
 + Level 1.0 Axes
 + Level 1.0 Maces & Flails
 + Level 1.0 Polearms
 + Level 1.0 Staves
 + Level 1.0 Slings
 + Level 1.0 Bows
 + Level 1.0 Crossbows
 + Level 1.0 Throwing
 + Level 6.6 Armour
 + Level 1.0 Dodging
 + Level 1.0 Stealth
 + Level 6.6 Shields
 + Level 1.0 Unarmed Combat
 + Level 1.0 Spellcasting
 + Level 0.8 Conjurations
 + Level 0.8 Hexes
 + Level 0.8 Summonings
 + Level 0.8 Necromancy
 + Level 0.8 Translocations
 + Level 0.8 Transmutations
 + Level 0.8 Fire Magic
 + Level 0.8 Ice Magic
 + Level 0.8 Air Magic
 + Level 0.8 Earth Magic
 + Level 0.8 Poison Magic
 + Level 1.1 Invocations
 + Level 1.0 Evocations


You had 5 spell levels left.
You didn't know any spells.
Your spell library contained the following spells:

 Spells                   Type           Power      Damage    Failure   Level
 Animate Skeleton         Necr           2%         N/A       95%         1
 Pain                     Necr           4%         1d4       95%         1
 Summon Small Mammal      Summ           4%         N/A       95%         1
 Sublimation of Blood     Necr           0%         N/A       99%         2
 Call Canine Familiar     Summ           1%         N/A       100%        3
 Conjure Flame            Conj/Fire      1%         6-21      100%        3
 Ignite Poison            Fire/Tmut/Pois 1%         N/A       100%        3
 Summon Guardian Golem    Hex/Summ       1%         N/A       100%        3
 Vampiric Draining        Necr           0%         2d6       100%        3
 Sticky Flame             Conj/Fire      1%         2d3       100%        4


Dungeon Overview and Level Annotations

Branches:
Dungeon (3/15)

Altars:
Kikubaaqudgha


Innate Abilities, Weirdness & Mutations

You have very sharp teeth.
Your uncanny sense of smell can sniff out nearby items.
Your experience applies equally to all skills.


Message History

Found a murky brown potion and 17 stones.
p - 3 murky brown potions (gained 1) Done exploring.
Done exploring.
Done exploring.
There is an escape hatch in the floor here.
You slide downwards.
The hatch slams shut behind you.
Found a thin glowing staff.
A goblin comes into view. It is wielding a +0 dagger.
Found a stone staircase leading down.
The goblin shouts!
You hear an angry hiss.
A goblin is nearby!
A goblin is nearby!
A goblin is nearby!
An ogre comes into view. It is wielding a +0 giant club.
A kobold comes into view. It is wielding a +0 short sword.
The ogre shouts!
The kobold shouts!
The goblin barely misses you.
There are monsters nearby!
You barely miss the goblin. The goblin hits you but does no damage.
There are monsters nearby!
You hit the goblin.
The goblin is poisoned.
You bite the goblin.
You kill the goblin!
Kikubaaqudgha accepts your kill.
There are monsters nearby!
Things that are here:
a +0 dagger; a goblin corpse You hit the ogre.
The ogre is poisoned.
The ogre is lightly wounded.
You block the ogre's attack.
You hit the ogre.
The ogre looks as sick as possible!
The ogre is lightly wounded.
The ogre hits you with a +0 giant club!!
Ouch! That really hurt!
You hit the ogre.
The ogre looks as sick as possible!
The ogre is moderately wounded.
The ogre hits you with a +0 giant club!!
Ouch! That really hurt!
You die...
Kikubaaqudgha rasps: "You have failed me!
Welcome... death!"

#... ... ##..
... ..# ######
#K# #....# #O#
#....# #@#
#...|# #.#
#....# #∆ #.#
#....#### ∆
#..#.###.......#
#..........##.#
#..........##.#
#.............#
#.#.######..###
#...#.......#


You could see an ogre (extremely poisoned) and a kobold.

Vanquished Creatures
  2 adders (D:2)
  2 worms (D:2)
  A dart slug (D:2)
  4 endoplasms
  2 giant cockroaches
  2 hobgoblins (D:1)
  2 jackals (D:1)
  3 quokkas
  4 ball pythons (D:2)
  3 bats
  4 goblins
  7 kobolds
  5 rats
41 creatures vanquished.

Notes
Turn   | Place    | Note
-------+----------+-------------------------------------------
     0 | D:1      | MisterFreud the Gnoll Fighter began the quest for the Orb.
     0 | D:1      | Reached XP level 1. HP: 23/23 MP: 1/1
   290 | D:1      | Reached XP level 2. HP: 28/29 MP: 2/2
   947 | D:2      | Reached XP level 3. HP: 35/35 MP: 3/3
  1011 | D:2      | Noticed an eye of devastation
  1022 | D:2      | Found a faded altar of an unknown god.
  1024 | D:2      | Noticed a golden eye
  1029 | D:2      | Noticed a floating eye
  1029 | D:2      | Noticed a golden eye
  1048 | D:2      | Reached skill level 1 in Invocations
  1056 | D:2      | Became a worshipper of Kikubaaqudgha
  1056 | D:2      | Reached * piety under Kikubaaqudgha
  1056 | D:2      | Received a gift from Kikubaaqudgha
  1247 | D:2      | Reached skill level 1 in Long Blades
  1247 | D:2      | Reached skill level 1 in Axes
  1247 | D:2      | Reached skill level 1 in Maces & Flails
  1247 | D:2      | Reached skill level 1 in Polearms
  1247 | D:2      | Reached skill level 1 in Staves
  1247 | D:2      | Reached skill level 1 in Slings
  1247 | D:2      | Reached skill level 1 in Bows
  1247 | D:2      | Reached skill level 1 in Crossbows
  1247 | D:2      | Reached skill level 1 in Throwing
  1247 | D:2      | Reached skill level 1 in Dodging
  1247 | D:2      | Reached skill level 1 in Stealth
  1247 | D:2      | Reached skill level 1 in Unarmed Combat
  1247 | D:2      | Reached skill level 1 in Spellcasting
  1247 | D:2      | Reached skill level 1 in Evocations
  1323 | D:2      | Reached XP level 4. HP: 38/41 MP: 5/5
  1722 | D:3      | Noticed an ogre
  1729 | D:3      | Demolished by an ogre

Illustrated notes

Levels and vault maps discovered:
D:1:      dpeg_arrival_arbitrary_a, layout_loops_ring, minmay_split_cup_small
D:2:      layout_rooms, hellmonk_ecumenical_altar_watching_god
D:3:      layout_basic, kiku_gazebo_pond_becter, mainiacjoe_overflow_paths,
          mainiacjoe_overflow_large_starburst

Skill      XL: |  1  2  3 |
---------------+----------+-----
Invocations    | 1 |  1.1
Long Blades    | 1 |  1.0
Axes           | 1 |  1.0
Maces & Flails | 1 |  1.0
Polearms       | 1 |  1.0
Staves         | 1 |  1.0
Slings         | 1 |  1.0
Bows           | 1 |  1.0
Crossbows      | 1 |  1.0
Throwing       | 1 |  1.0
Dodging        | 1 |  1.0
Stealth        | 1 |  1.0
Unarmed Combat | 1 |  1.0
Spellcasting   | 1 |  1.0
Evocations     | 1 |  1.0
Fighting       | |  6.6
Short Blades   | |  4.6
Armour         | |  6.6
Shields        | |  6.6
Conjurations   | |  0.8
Hexes          | |  0.8
Summonings     | |  0.8
Necromancy     | |  0.8
Translocations | |  0.8
Transmutations | |  0.8
Fire Magic     | |  0.8
Ice Magic      | |  0.8
Air Magic      | |  0.8
Earth Magic    | |  0.8
Poison Magic   | |  0.8

Action                   |  1- 3 |  4- 6 || total
-------------------------+-------+-------++-------
Melee: Dagger            |    96 |    17 ||   113
       Rapier            |     4 |       ||     4
       Bite              |    11 |     2 ||    13
Armor: Scale mail        |    45 |     2 ||    47
Dodge: Dodged            |    16 |     4 ||    20
Block: Kite shield       |    43 |     1 ||    44
